 Dungeon Crawl Stone Soup version 0.21-a0-263-gf26e180 (webtiles) character file.

795 Hocus the Purveyor of Pain (level 7, -6/57 HPs)
             Began as a Deep Dwarf Necromancer on Sept 7, 2017.
             Was an Initiate of Kikubaaqudgha.
             Mangled by a killer bee (7 damage)
             ... on level 5 of the Dungeon.
             The game lasted 00:16:12 (5520 turns).

Hocus the Purveyor of Pain (Deep Dwarf Necromancer) Turns: 5520, Time: 00:16:13

Health: -6/57      AC:  3    Str: 11    XL:     7   Next: 58%
Magic:  3/11       EV: 18    Int: 18    God:    Kikubaaqudgha [......]
Gold:   255        SH:  0    Dex: 18    Spells: 0/12 levels left

rFire    + . .     SeeInvis .   f - +1 rapier (venom)
rCold    x . .     Gourm    .   (no shield)
rNeg     . . .     Faith    .   a - +1 robe
rPois    .         Spirit   .   (no helmet)
rElec    .         Reflect  .   (no cloak)
rCorr    .         Harm     .   (no gloves)
MR       +....                  (no boots)
Stlth    ++++......             (no amulet)
HPRegen  0.00/turn              d - ring of fire
MPRegen  0.12/turn              (no ring)

@: agile, lethally poisoned (-6 -> -6), very slightly contaminated,
non-regenerating, invisible
A: damage resistance, heal wounds, sense surroundings 1, no regeneration
a: Heal Wounds, Renounce Religion


You were on level 5 of the Dungeon.
You worshipped Kikubaaqudgha.
Kikubaaqudgha was noncommittal.
You were hungry.

You visited 2 branches of the dungeon, and saw 6 of its levels.

You collected 255 gold pieces.

Inventory:

Hand Weapons
 f - a +1 rapier of venom (weapon)
Armour
 a - a +1 robe (worn)
 k - a scarf of spirit shield
Jewellery
 d - a ring of fire (left hand)
Wands
 q - a wand of confusion (15/48)
Scrolls
 i - a scroll of magic mapping {unknown}
 j - a scroll of enchant armour
 n - a scroll of remove curse
 p - 5 scrolls of teleportation
 s - a scroll of amnesia
Potions
 l - a potion of haste {unknown}
 m - a potion of flight {unknown}
 r - a potion of might
Books
 b - a book of Necromancy

   Spells                             Type                      Level
   a - Pain                           Necromancy                   1
   b - Animate Skeleton               Necromancy                   1
   c - Vampiric Draining              Necromancy                   3
   d - Regeneration                   Charms/Necromancy            3
   e - Animate Dead                   Necromancy                   4
   f - Control Undead                 Necromancy                   4
Comestibles
 c - 3 bread rations
 h - 2 meat rations
 o - a royal jelly


   Skills:
 + Level 1.0 Fighting
 + Level 1.0 Short Blades
 + Level 2.8 Dodging
 + Level 3.1 Stealth
 + Level 3.2 Spellcasting
 - Level 9.0 Necromancy


You couldn't memorise any spells.
You knew the following spells:

 Your Spells              Type           Power        Failure   Level  Hunger
a - Pain                  Necr           ####         1%          1    None
b - Vampiric Draining     Necr           #####.....   1%          3    ###....
c - Animate Dead          Necr           N/A          3%          4    ####...
d - Control Undead        Necr           #####.....   3%          4    ####...


Dungeon Overview and Level Annotations

Branches:
Dungeon (5/15)             Temple (1/1) D:4

Altars:
Ashenzari
Elyvilon
Gozag
Kikubaaqudgha
Nemelex Xobeh
Okawaru
Qazlal
Uskayaw
Vehumet
Wu Jian
Xom
Zin

Annotations:
D:4 Menkaure


Innate Abilities, Weirdness & Mutations

You are resistant to damage.
You can heal yourself by infusing magical energy.
You passively map a small area around you.
You do not regenerate.


Message History

Aiming: Vampiric Draining
Press: ? - help, Shift-Dir - straight line, f - killer bee
Aim: a killer bee You miscast Vampiric Draining.
You are very lightly contaminated with residual magic.
The world around you seems to dim momentarily.
The killer bee stings you!
* * * LOW HITPOINT WARNING * * *
The killer bee closely misses you.
It was a potion of agility.
You feel agile all of a sudden. The killer bee completely misses you.
The killer bee closely misses you.
It was a potion of invisibility.
You fade into invisibility!
The killer bee misses you. The killer bee closely misses you.
The killer bee closely misses you. The killer bee completely misses you.
The killer bee stings you!
You die...
Kikubaaqudgha rasps: "You have failed me!
Welcome... death!"

, * *##. ...
#.y ######
#...* #....#
,
....###.##.#
*#....†##@#
* #...##.# *
##.#.# *,
#...# #####


You could see an ogre and a killer bee.

Vanquished Creatures
  Eustachio (D:4)
  A water moccasin (D:4)
  An ogre (D:3)
  2 killer bees
  A bullfrog skeleton (D:4)
  3 worker ants
  Natasha (thrice) (D:4)
  An orc wizard (D:4)
  A hound skeleton (D:4)
  9 adders
  An ooze (D:3)
  2 worms
  2 dart slugs (D:1)
  3 leopard geckos
  5 orcs
  8 bats
  4 giant cockroaches
  5 goblins
  3 hobgoblins
  12 jackals
  7 kobolds
  4 quokkas
  3 frilled lizards
  5 rats
87 creatures vanquished.

Vanquished Creatures (others)
  A frilled lizard (D:3)
1 creature vanquished.

Grand Total: 88 creatures vanquished

Notes
Turn   | Place    | Note
-------+----------+-------------------------------------------
     0 | D:1      | Hocus the Deep Dwarf Necromancer began the quest for the Orb.
     0 | D:1      | Reached XP level 1. HP: 15/15 MP: 3/3
   302 | D:1      | Reached XP level 2. HP: 8/22 MP: 0/5
  1116 | D:2      | Found a glowing silver altar of Zin.
  1177 | D:2      | Found a shattered altar of Ashenzari.
  1203 | D:2      | Reached skill level 5 in Necromancy
  1203 | D:2      | Reached XP level 3. HP: 7/28 MP: 0/6
  1307 | D:2      | Learned a level 3 spell: Vampiric Draining
  1325 | D:2      | Found an iron altar of Okawaru.
  1701 | D:2      | Found a shimmering altar of Xom.
  2486 | D:3      | Reached XP level 4. HP: 32/36 MP: 4/8
  2606 | D:3      | Learned a level 4 spell: Animate Dead
  2772 | D:3      | Found a radiant altar of Vehumet.
  3152 | D:3      | Reached skill level 6 in Necromancy
  3152 | D:3      | Reached XP level 5. HP: 42/42 MP: 4/9
  3317 | D:3      | Found a stormy altar of Qazlal.
  3538 | D:4      | Noticed an ogre
  3561 | D:3      | Killed an ogre
  3561 | D:3      | Reached skill level 7 in Necromancy
  3705 | D:4      | Noticed Eustachio
  3809 | D:4      | Killed Eustachio
  3809 | D:4      | Reached XP level 6. HP: 32/49 MP: 6/10
  3828 | D:4      | Reached skill level 8 in Necromancy
  3845 | D:4      | Noticed a water moccasin
  3928 | D:4      | Noticed Menkaure
  3985 | D:4      | Killed a water moccasin
  4070 | D:4      | Noticed Natasha
  4075 | D:4      | Killed Natasha
  4075 | D:4      | Reached XP level 7. HP: 34/55 MP: 1/11
  4490 | D:4      | Reached skill level 9 in Necromancy
  4504 | D:4      | Learned a level 4 spell: Control Undead
  4733 | D:4      | Noticed Natasha
  4752 | D:4      | Found a staircase to the Ecumenical Temple.
  4779 | Temple   | Entered the Ecumenical Temple
  4824 | Temple   | Became a worshipper of Kikubaaqudgha
  5094 | D:4      | Killed Natasha
  5144 | D:5      | Entered Level 5 of the Dungeon
  5326 | D:4      | Noticed Natasha
  5453 | D:4      | Killed Natasha
  5453 | D:4      | Reached skill level 1 in Fighting
  5514 | D:5      | Reached skill level 1 in Short Blades
  5515 | D:5      | HP: 1/57 [killer bee (7)]
  5520 | D:5      | Mangled by a killer bee

Vault maps used:
D:1:      dpeg_arrival_rooms_c, minmay_distorted
D:2:      lemuel_doored_altar, zin_treasury, evilmike_ruin_ashenzari,
          okawaru_metal_pillars_3
D:3:      fiery_altar_vehumet, first_bread, nicolae_qazlal_eye_of_the_storm
D:4:      minmay_temple_entry_mist, serial_bayou, serial_bayou_lagoon_a,
          serial_bayou_pond_d, serial_bayou_lagoon_b, serial_bayou_ford_a,
          uniq_menkaure, uniq_natasha, uniq_eustachio
Temple:   jpeg_temple_clearing

Skill      XL: |  1  2  3  4  5  6  7 |
---------------+----------------------+-----
Spellcasting   | 2 3 |  3.2
Necromancy     | 5 6 7 8 9 |  9.0
Fighting       | 1 |  1.0
Stealth        | 3 |  3.1
Short Blades   | 1 |  1.0
Dodging        | |  2.8

Action                   |  1- 3 |  4- 6 |  7- 9 || total
-------------------------+-------+-------+-------++-------
Melee: Unarmed           |     1 |     1 |       ||     2
       Dagger            |       |     5 |    33 ||    38
       Rapier            |       |       |     5 ||     5
 Cast: Pain              |    62 |    62 |    12 ||   136
       Vampiric Draining |    13 |    19 |    17 ||    49
       Control Undead    |       |       |     4 ||     4
Evoke: Wand              |       |     7 |       ||     7
  Use: Scroll            |       |     8 |     1 ||     9
       Potion            |       |     2 |     2 ||     4
 Stab: Confused          |       |     2 |       ||     2
  Eat: Chunk             |     3 |     4 |     6 ||    13
       Meat ration       |     1 |       |       ||     1
       Royal jelly       |       |     1 |       ||     1
Armor: Robe              |    21 |     7 |     5 ||    33
Dodge: Dodged            |    46 |    38 |    45 ||   129

Table legend:
 A = Spawn XP
 B = Non-spawn XP
 C = Spawn XP percentage of total XP
 D = Spawn monster count
 E = Non-spawn monster count
 F = Spawn count percentage of total count
 G = Total turns spent on level
                    A         B        C        D         E        F      G
               +---------+---------+-------+---------+---------+-------+---------
         Total |       0 |    1136 |   0.0 |       0 |      87 |   0.0 |  5520
               +---------+---------+-------+---------+---------+-------+---------
           D:1 |       0 |      32 |   0.0 |       0 |      18 |   0.0 |  1102
           D:2 |       0 |      49 |   0.0 |       0 |      21 |   0.0 |  1275
           D:3 |       0 |     252 |   0.0 |       0 |      24 |   0.0 |  1363
           D:4 |       0 |     741 |   0.0 |       0 |      22 |   0.0 |  1676
           D:5 |       0 |      62 |   0.0 |       0 |       2 |   0.0 |    47
               +---------+---------+-------+---------+---------+-------+---------
